Cogmind - Beta 13 @@@ ROGUE MODE // 2024.08.03 @ 23:29:42 Player: Tease1234 Result: Destroyed by Y-45 Defender with Heavy Assault Rifle Performance ------------- Evolutions (1) 500 Regions Visited (3) 600 Robots Destroyed (12) 60 Value Destroyed (205) 205 Prototype IDs (1) 20 Alien Tech Used (0) 0 Bonus (0) 0 TOTAL SCORE: 1385 Bonus ------- None Cogmind --------- Core Integrity 0/400 Matter 336/450 Energy 100/100 System Corruption 2% Temperature Cool (9) Movement Core (50) Location -9/Materials Parts ------- > --- POWER (1) -------- (None) > --- PROPULSION (2) --- (None) > --- UTILITY (3) ------ Large Matter Pod > --- WEAPON (3) ------- (None) > --- INVENTORY (5) ---- Small Storage Unit Medium Matter Pod (66) Tractor Beam Peak State ------------ > --- POWER ------------ Light Ion Engine > --- PROPULSION ------- Light Treads > --- UTILITY ---------- Small Storage Unit Medium Matter Pod Experimental Sensor Array > --- WEAPON ----------- Assault Rifle Mining Laser > --- INVENTORY -------- Light Ion Engine Small Storage Unit Medium Matter Pod Large Matter Pod Structural Scanner Terrain Scanner Tractor Beam [Rating: 15] Favorites ----------- Power Light Ion Engine Engine Light Ion Engine Propulsion Light Treads Treads Light Treads Utility Small Storage Unit Device Tractor Beam Storage Small Storage Unit Weapon Assault Rifle Energy Gun EM Pulse Gun Ballistic Gun Assault Rifle Ballistic Cannon Light Cannon Launcher Rocket Launcher Special Weapon Mining Laser Build | -11 -10 -10 -9 ------- Run | Yrd Mat Min Mat Slots Evolved 2 | . . . 2 Power . | . . . . Propulsion . | . . . . Utility 1 | . . . 1 Weapon 1 | . . . 1 Parts Attached 30 | 7 2 12 9 Power 7 | 1 . 4 2 Engine 7 | 1 . 4 2 Core . | . . . . Reactor . | . . . . Propulsion 2 | 2 . . . Treads 2 | 2 . . . Leg . | . . . . Wheel . | . . . . Hover . | . . . . Flight . | . . . . Utility 14 | 2 2 3 7 Device 5 | 1 1 1 2 Storage 9 | 1 1 2 5 Processor . | . . . . Hackware . | . . . . Protection . | . . . . Artifact . | . . . . Weapon 7 | 2 . 5 . Energy Gun 2 | 1 . 1 . Energy Cannon . | . . . . Ballistic Gun 2 | 1 . 1 . Ballistic Cannon 1 | . . 1 . Launcher 1 | . . 1 . Special Weapon 1 | . . 1 . Impact Weapon . | . . . . Slashing Weapon . | . . . . Piercing Weapon . | . . . . Special Melee Weapon . | . . . . Unidentified Prototypes 1 | . . 1 . Corrupted Parts 1 | 1 . . . System Corruption 1 | 1 . . . Parts Lost 17 | . . 6 11 Power 5 | . . 2 3 Propulsion 2 | . . 1 1 Utility 5 | . . . 5 Weapon 5 | . . 3 2 Highest Loss Streak 10 | . . 6 10 To Critical Strikes . | . . . . Average Slot Usage (%) 83 | . 100 82 52 Engine 13 | . 14 14 6 Treads 18 | . 28 17 3 Device 9 | . 22 5 16 Storage 14 | . 5 16 11 Energy Gun 4 | . 14 3 . Ballistic Gun 11 | . 14 10 7 Ballistic Cannon 2 | . . 3 . Special Weapon 7 | . . 9 6 Naked Turns . | . . . . Heaviest Build 18 | 13 13 18 13 Greatest Support 40 | 40 40 40 20 Greatest Overweight (x) 4 | . . . 4 Average Overweight (x) . | . . . . Largest Inventory Capacity 8 | 8 8 8 8 Average Capacity 7 | 7 6 8 7 Most Carried 8 | 4 6 8 8 Average Carried 6 | . 2 7 6 Final Capacity 8 | 8 8 8 5 Final Carried 8 | . 6 8 3 Class Distribution -------------------- 84% | Mutant 15% | Scavenger-Mutant Dominant Class ---------------- Mutant | -10/Materials Mutant | -10/Mines Mutant | -9/Materials Resources | -11 -10 -10 -9 ----------- Run | Yrd Mat Min Mat Matter Collected 675 | 276 . 371 28 Remotely 318 | 70 . 248 . Salvage Created 509 | 89 . 392 28 Parts 19 | 4 . 14 1 Haulers Intercepted . | . . . . Recyclers Shooed . | . . . . Parts Field Recycled . | . . . . Retrieved Matter . | . . . . Parts Self-Destructed . | . . . . Prevented . | . . . . Kills | -11 -10 -10 -9 ------- Run | Yrd Mat Min Mat Combat Hostiles Destroyed 16 | . . 15 1 Guns 4 | . . 3 1 AOE 12 | . . 12 . Classes Destroyed 6 | 1 . 5 . Worker 2 | . . 2 . Builder 1 | . . 1 . Recycler 5 | 1 . 4 . Grunt 3 | . . 2 1 Demolisher 1 | . . 1 . Assembled 12 | . . 12 . Best Kill Streak 16 | 1 . 16 1 Combat Bots Only 13 | . . 13 1 Max Kills in Single Turn 4 | 1 . 4 1 Gunslinging . | . . . . Exploded 4 | . . 4 . Melee . | . . . . Uniques/NPCs Destroyed . | . . . . Combat | -11 -10 -10 -9 -------- Run | Yrd Mat Min Mat Hostile Shots Fired 121 | . . 25 96 Missed 31 | . . 6 25 Damage Taken 1573 | . . 665 908 Core 483 | . . 73 410 Absorbed by Shields . | . . . . Regen/Repaired (Parts) 11 | . 11 . . Core Remaining (%) 85 | 100 . 70 . Volleys Fired 56 | 2 . 40 14 Largest 2 | 2 . 2 2 Hottest 120 | 60 . 120 120 Shots Fired 72 | 4 . 52 16 Gun 48 | 4 . 30 14 Cannon 12 | . . 12 . Launcher 8 | . . 8 . Special 4 | . . 2 2 Kinetic 53 | 2 . 37 14 Thermal 4 | . . 2 2 Explosive 8 | . . 8 . Electromagnetic 7 | 2 . 5 . Robot Hit Streak 5 | 2 . 5 5 Robot Miss Streak 4 | 1 . 4 1 Penetration Max . | . . . . Secondary Targets . | . . . . Shots Hit Robots 32 | 3 . 18 11 Core Hits 51 | 2 . 36 13 Critical Kills 1 | . . 1 . Critical Parts Destroyed . | . . . . Critical Strikes 1 | . . 1 . Destroy 1 | . . 1 . Melee Attacks . | . . . . Impact . | . . . . Slashing . | . . . . Piercing . | . . . . Sneak Attacks . | . . . . Combat Hostiles . | . . . . Follow-up Attacks . | . . . . Damage Inflicted 1494 | 37 . 1265 192 Guns 333 | 37 . 169 127 Cannons 55 | . . 55 . Explosions 975 | . . 975 . Melee . | . . . . Ramming 83 | . . 42 41 Kinetic 318 | 12 . 179 127 Thermal 147 | . . 123 24 Explosive 876 | . . 876 . Electromagnetic 70 | 25 . 45 . Impact . | . . . . Slashing . | . . . . Piercing . | . . . . Highest Corruption 2 | 1 1 1 2 Average Corruption 1 | 1 1 1 2 Corruption Purged . | . . . . Corruption Blocked . | . . . . Effects 15 | . 3 12 . Message Errors 5 | . 2 3 . Matter Fused 1 | . . 1 . Heat Flow Errors 2 | . . 2 . Energy Discharges 2 | . 1 1 . Data Loss (minor) 3 | . . 3 . Misfires 2 | . . 2 . Overload Shots . | . . . . Overflow Damage 8 | . . 8 . Projectiles . | . . . . Explosions 8 | . . 8 . Melee . | . . . . Knockbacks 2 | . . 2 . Impact 1 | . . 1 . Kinetic 1 | . . 1 . Secondary . | . . . . Self-Inflicted Damage 106 | . . 92 14 Shots 5 | . . 5 . Rammed 35 | . . 11 24 Targets Rammed 36 | . . 12 24 Kicked . | . . . . Crushed 1 | . . 1 . Highest Temperature 220 | . . 220 17 Average Temperature 40 | . . 45 7 Received Heat Transfer 408 | . . 18 390 Siege Activations . | . . . . Robots Corrupted . | . . . . Combat Hostiles . | . . . . Parts Fried . | . . . . Impact Corruptions . | . . . . Robots Melted . | . . . . Combat Hostiles . | . . . . Parts Melted 1 | . . . 1 Heat Transferred 150 | . . 100 50 Parts Sabotaged . | . . . . Parts Stolen . | . . . . Parts Stripped . | . . . . Power Chain Reactions 1 | . . 1 . Alert | -11 -10 -10 -9 ------- Run | Yrd Mat Min Mat Peak Influence 111 | 5 3 111 40 Initial 3 | . 3 . . Average 14 | 4 3 18 11 Maximum Alert Level . | . . . . Low Security (%) 100 | 100 100 100 100 Level 1 . | . . . . Level 2 . | . . . . Level 3 . | . . . . Level 4 . | . . . . Level 5 . | . . . . High Security . | . . . . Max Security . | . . . . Squads Dispatched 1 | . . . 1 Investigation 1 | . . . 1 Extermination . | . . . . Reinforcement . | . . . . Assault . | . . . . Garrison . | . . . . Intercept . | . . . . Searches Triggered . | . . . . Construction Impeded . | . . . . Haulers Reinforced . | . . . . Active Scanning Responses . | . . . . Cargo Convoy Interrupts . | . . . . Stealth | -11 -10 -10 -9 --------- Run | Yrd Mat Min Mat Distress Signals 2 | . . 1 1 Communications Jammed . | . . . . Distress Signals . | . . . . Times Spotted 31 | . . 22 9 Peak Tracking Total 12 | . . 12 9 Tactical Retreats 1 | . . . 1 Traps | -11 -10 -10 -9 ------- Run | Yrd Mat Min Mat Traps Triggered . | . . . . Indirectly . | . . . . Trap Hack Attempts . | . . . . Triggered . | . . . . Disarmed . | . . . . Reprogrammed . | . . . . Reused . | . . . . Traps Extracted . | . . . . Installed . | . . . . Triggered . | . . . . Machines | -11 -10 -10 -9 ---------- Run | Yrd Mat Min Mat Machines Disabled . | . . . . Max in Single Turn . | . . . . Machines Repaired . | . . . . Machines Dismantled . | . . . . Machines Sabotaged . | . . . . Overloaded Fab Kills . | . . . . Hacking | -11 -10 -10 -9 --------- Run | Yrd Mat Min Mat Machines Accessed 2 | . 1 . 1 Terminals 1 | . . . 1 Fabricators . | . . . . Repair Stations 1 | . 1 . . Recycling Units . | . . . . Scanalyzers . | . . . . Garrison Access . | . . . . Total Hacks 8 | . 5 . 3 Successful 4 | . 2 . 2 Failed 4 | . 3 . 1 Catastrophic . | . . . . Database Lockouts . | . . . . Manual . | . . . . Terminals 3 | . . . 3 Fabricators . | . . . . Repair Stations 5 | . 5 . . Recycling Units . | . . . . Scanalyzers . | . . . . Garrison Access . | . . . . Terminal Hacks 2 | . . . 2 Record 2 | . . . 2 Fabricator Hacks . | . . . . Repair Station Hacks 2 | . 2 . . Scan Component 1 | . 1 . . Repair 1 | . 1 . . Recycling Unit Hacks . | . . . . Scanalyzer . | . . . . Garrison Access Hacks . | . . . . Unauthorized Hacks . | . . . . Terminals . | . . . . Fabricators . | . . . . Repair Stations . | . . . . Recycling Units . | . . . . Scanalyzers . | . . . . Garrison Access . | . . . . Data Cores Recovered . | . . . . Used . | . . . . Hacking Detections 2 | . 1 . 1 Full Trace Events 2 | . 1 . 1 Feedback Events . | . . . . Feedback Blocked . | . . . . Robot Schematics Acquired . | . . . . Robots Built . | . . . . Authchips . | . . . . Time . | . . . . Total Robot Build Rating . | . . . . Part Schematics Acquired . | . . . . Parts Built . | . . . . Authchips . | . . . . Time . | . . . . Total Part Build Rating . | . . . . Parts Repaired 1 | . 1 . . Time 26 | . 26 . . Parts Recycled . | . . . . Recycled Matter . | . . . . Retrieved Matter . | . . . . Retrieved Components . | . . . . Parts Scanalyzed . | . . . . Part Schematics Acquired . | . . . . Parts Damaged . | . . . . Bothacking | -11 -10 -10 -9 ------------ Run | Yrd Mat Min Mat Used RIF Installer . | . . . . Robots Hacked . | . . . . Non-combat . | . . . . Combat . | . . . . Robot Hacks Applied . | . . . . Relay Couplers Released . | . . . . Fabnet Peak Effective % . | . . . . Robots Rewired . | . . . . Allies Hacked . | . . . . Hacks Repelled . | . . . . Allies | -11 -10 -10 -9 -------- Run | Yrd Mat Min Mat Total Allies . | . . . . Largest Group . | . . . . Highest-Rated Group . | . . . . Highest-Rated Ally . | . . . . Total Orders . | . . . . Ally Attacks . | . . . . Total Damage . | . . . . Kills . | . . . . Allies Corrupted . | . . . . Allies Melted . | . . . . Intel | -11 -10 -10 -9 ------- Run | Yrd Mat Min Mat Robot Analysis Total . | . . . . Derelict Logs Recovered 2 | . . 2 . Drone Launches . | . . . . Drone Recoveries . | . . . . Exploration | -11 -10 -10 -9 ------------- Run | Yrd Mat Min Mat Turns Passed 2074 | 131 381 1415 147 Spaces Moved 1155 | 83 232 796 44 Core 34 | 19 . . 15 Treads 1121 | 64 232 796 29 Legs . | . . . . Wheels . | . . . . Hover . | . . . . Flight . | . . . . Fastest Speed 50 | 50 160 160 100 Average Speed 158 | 134 160 160 163 Slowest Speed 250 | 160 160 160 250 Overloaded Moves . | . . . . Propulsion Burnouts . | . . . . Robots Hopped . | . . . . Cave-ins Triggered . | . . . . Exploration Rate (%) 28 | 5 24 80 6 Regions Visited 3 Branch Regions 1 Pre-discovered Areas 2 | . . 2 . Known Exits Taken . | . . . . Unknown Exits Taken 3 | 1 1 1 . Scrap Searched 1 | . . 1 . Spaces Dug 1 | . . 1 . Terrain Destroyed 71 | . . 70 1 Melee . | . . . . Projectile 2 | . . 1 1 AOE 69 | . . 69 . Terrain Rammed . | . . . . Walls Destroyed . | . . . . Machines Disabled . | . . . . Actions | -11 -10 -10 -9 --------- Run | Yrd Mat Min Mat Total 1310 | 98 241 877 94 Wait 1 | . 1 . . Move 1152 | 82 231 795 44 Hop . | . . . . Pick Up 26 | 7 7 11 1 Fast Attach 1 | . . 1 . Attach 21 | 7 1 5 8 Detach 3 | . . 1 2 Swap 8 | . 1 6 1 Drop 6 | . . 6 . Fire 56 | 2 . 40 14 Melee . | . . . . Ram 24 | . . . 24 Kick . | . . . . Crush 12 | . . 12 . Escape Stasis . | . . . . Rewire . | . . . . Trap . | . . . . Miscellaneous . | . . . . Route ------- -11/Scrapyard -10/Materials -10/Mines -9/Materials History --------- Turn | Location | Event 11 | -11/Scrapyard | Discovered new exit (range 16) 132 | -11/Scrapyard | Entered Materials 301 | -10/Materials | Build established: Mutant 306 | -10/Materials | Repaired Sml. Storage Unit 478 | -10/Materials | Discovered new exit (range 7) 513 | -10/Materials | Entered Mines 813 | -10/Mines | Received a Rocket Launcher from a helpful Derelict 887 | -10/Mines | Assembled infested the area 944 | -10/Mines | Destroyed 13 combat bots 951 | -10/Mines | Lost 6 parts (2p1n3w) 1736 | -10/Mines | Learned location of Storage (-7) 1872 | -10/Mines | Found a damaged Exp. Sensor Array with a note attached 1879 | -10/Mines | Found Prototype Device 1880 | -10/Mines | Identified Exp. Sensor Array 1911 | -10/Mines | Discovered new exit (range 11) 1928 | -10/Mines | Entered Materials 1928 | -9/Materials | Evolved 2 slots: Utility x1, Weapon x1 2052 | -9/Materials | Core integrity fell below 50% 2064 | -9/Materials | Core integrity fell below 20% 2075 | -9/Materials | Destroyed by Y-45 Defender with Heavy Assault Rifle Last Messages --------------- 02045_ Ion Engine destroyed. 02046_ Slammed into G-34 Mercenary. 02048_ Structural Scanner destroyed. 02051_ Slammed into G-34 Mercenary. 02055_ Slammed into Y-45 Defender. 02055_ Destabilizing: System corrupted (+2). 02056_ Slammed into Y-45 Defender. 02057_ Destabilizing: Core damaged (-4). 02058_ Slammed into Y-45 Defender. 02064_ Sml. Storage Unit destroyed. 02064_ Critical hit (Burn: +37). 02066_ Slammed into Y-45 Defender. 02067_ Lgt. Ion Engine destroyed. 02067_ Slammed into Y-45 Defender. 02067_ Destabilizing: System interference. 02067_ Terrain Scanner temporarily disabled. 02068_ Slammed into Y-45 Defender. 02073_ Terrain Scanner destroyed. 02073_ Slammed into Y-45 Defender. 02075_ Med. Matter Pod destroyed. Map ----- +----------------------------------------------------+ | ????????????????????????????????????????????????? | | ????????????????????????????????????????????????? | | ????????????????????????????????????????????????? | | ????????????????????????????????????????????????? | | ????????????????????????????????????????????????? | | ????????????????????????????????????????????????? | | ????????????????????????????????????????????????? | | ????????????????????????????????????????????????? | | ?????????????????????????????? # ?????????????? | | ??????????????????? ???????? # ?????????????? | | ???????????????????#+#???????? + ##???????????? | | ???????????????????# #???????? # ##???????????? | | ??????????????????## ????????? # ##???????????? | | ??????????????????## ????????? # ##???????????? | | ??????????????????## ?????????## ##???????????? | | ??????????????????## #????????## ##???????????? | | ????????????????#### ## ??????## ##???????????? | | ????????????????#### ## ??????## ##???????????? | | ????????????????## + ??????## ##???????????? | | ????????????????## # ????? ## ## ??????????? | | ????????????????## # ????? ## ## ???? | | ????????????????## + ????? # ###+#####???? | | ????????????????## # ????? # ##???? | | ????????????????## # *# T ##???? | | ????????????????## k ######### ##???? | | ????????????????## Y@Y Y ###+#####???? | | ????????????????## ########## ### ???? | | ????????????????## ########## ### ??????????? | | ????????????????## ##??????## ##????????????? | | ????????????????## ##??????## ##????????????? | | ????????????????## ##??????## ##????????????? | | ???????????????### ##??????## ##????????????? | | ???????????????## #??????## ##????????????? | | ???????????????## ##?????## ##????????????? | | ???????????????## ##?????## ##????????????? | | ???????????????## ##?????## ##????????????? | | ???????????????## ##????? # ##????????????? | | ???????????????## ##????? # ##????????????? | | ??????????????? ### ####????? # ##????????????? | | ??????????????? ### ####??????? ??????????????? | | ?????????????????## #?????????? ??????????????? | | ?????????????????## ???????????????????????????? | | ?????????????????## ???????????????????????????? | | ?????????????????# ???????????????????????????? | | ????????????????????????????????????????????????? | | ????????????????????????????????????????????????? | | ????????????????????????????????????????????????? | | ????????????????????????????????????????????????? | | ????????????????????????????????????????????????? | | ????????????????????????????????????????????????? | +----------------------------------------------------+ Best States ------------- Heat Dissipation 28 Energy Generation 10 Energy Capacity 250 Matter Stores 310 Matter Capacity 550 Sight Range 16 Robot Scan Range 20 Terrain Scan Density 10 Evasion (%) 50 Recoil Reduction 2 Item Schematics ----------------- None Robot Schematics ------------------ None Fabricated ------------ Nothing Alien Tech Used ----------------- None Achievements -------------- I Survived The Infestation Part-time Mechanic Use The Force Challenges ------------ None Game ------ Seed DataArcImmobilizer Manual? 0 Play Time 00:22:47 Cumulative 1.3 hours Start 2024.08.03 @ 23:07:22 End 2024.08.03 @ 23:29:42 Sessions 1 Manual Loads 0 Difficulty Rogue Special Mode None Game No. 4 Rogue 4 Adventurer 0 Explorer 0 Win Type - Total 0 Types 0/0/0/0/0/0/0/0/0 Lore% 0 Gallery% 5 Achievement% 5 Wizard Run 0 Options --------- Layout 1 ASCII 0 Keyboard 0 Movement Arrows Keybinds 0 Fullscreen 1 Font 24/Smallcaps Map View 50x35 Zoom Use 0% Tactical HUD 1 Map Filters NONE Filters NONE Steam 1 RUN: 0dc51980-bd93-4eb5-aa2a-32b1c49c1c8c